 Dungeon Crawl Stone Soup version 0.28.0-47-ge53b351184 (webtiles) character file.

Game seed: 9792384816511780945

462 terff the Ducker (level 7, 0/59 HPs)
             Began as a Gnoll Monk on May 1, 2022.
             Was an Initiate of Gozag.
             Killed from afar by Dowan (14 damage)
             ... with a shard of ice
             ... on level 4 of the Dungeon.
             The game lasted 00:07:39 (3628 turns).

terff the Ducker (Gnoll Monk)                       Turns: 3628, Time: 00:07:39

Health: 0/59       AC:  6    Str: 11    XL:     7   Next: 7%
Magic:  10/10      EV: 13    Int:  9    God:    Gozag
Gold:   490        SH:  0    Dex: 16    Spells: 10/10 levels left

rFire   . . .      SeeInvis .   k - +0 long sword
rCold   . . .      Faith    .   (no shield)
rNeg    . . .      Spirit   .   f - +0 ring mail
rPois   .          Reflect  .   (no helmet)
rElec   .          Harm     .   (no cloak)
rCorr   .          Rampage  .   h - +0 pair of gloves
Will    .....                   (no boots)
Stlth   ++........              (no amulet)
HPRegen 0.19/turn               g - ring of flight
MPRegen 0.12/turn               (no ring)

@: lethally poisoned (0 -> -4), flying
A: fangs 1, strong nose, distributed training
a: Renounce Religion, Potion Petition, Call Merchant, Bribe Branch


You were on level 4 of the Dungeon.
You worshipped Gozag.
Gozag was aware of your devotion.
You visited 1 branch of the dungeon, and saw 4 of its levels.

You collected 529 gold pieces.
You spent 39 gold pieces at shops.

Inventory:

Hand Weapons
 a - a +1 falchion
 k - a +0 long sword (weapon)
Missiles
 o - a throwing net (quivered)
Armour
 b - a +0 robe
 f - a +0 ring mail (worn)
 h - a +0 pair of gloves (worn)
Jewellery
 g - a ring of flight (left hand)
 q - an amulet of faith
Wands
 r - a wand of acid (7)
Scrolls
 c - a scroll of amnesia
 d - a scroll of vulnerability
 e - 2 scrolls of enchant weapon
 l - a scroll of noise {unknown}
 m - a scroll of holy word {unknown}
 n - 4 scrolls of identify
Potions
 i - a potion of attraction {unknown}
 j - a potion of resistance
 p - a potion of berserk rage {unknown}


   Skills:
 + Level 6.9 Fighting
 + Level 2.2 Short Blades
 + Level 6.9 Long Blades
 + Level 2.2 Axes
 + Level 2.2 Maces & Flails
 + Level 2.2 Polearms
 + Level 2.2 Staves
 + Level 2.2 Slings
 + Level 2.2 Bows
 + Level 2.2 Crossbows
 + Level 2.2 Throwing
 + Level 2.2 Armour
 + Level 6.9 Dodging
 + Level 4.7 Stealth
 + Level 2.2 Shields
 + Level 2.2 Unarmed Combat
 + Level 2.2 Spellcasting
 + Level 1.8 Conjurations
 + Level 1.8 Hexes
 + Level 1.8 Summonings
 + Level 1.8 Necromancy
 + Level 1.8 Translocations
 + Level 1.8 Transmutations
 + Level 1.8 Fire Magic
 + Level 1.8 Ice Magic
 + Level 1.8 Air Magic
 + Level 1.8 Earth Magic
 + Level 1.8 Poison Magic
 + Level 2.5 Invocations
 + Level 2.2 Evocations


You had 10 spell levels left.
You didn't know any spells.
Your spell library was empty.

Dungeon Overview and Level Annotations

Branches:
Dungeon (4/15)
 Temple: D:4-7

Altars:
Gozag
Sif Muna

Shops:
D:1 *

Annotations:
D:4 Dowan


Innate Abilities, Weirdness & Mutations

You have very sharp teeth.
Your uncanny sense of smell can sniff out nearby items.
Your experience applies equally to all skills.


Message History

16 gold pieces; a +0 short sword; a +0 leather armour You barely miss Dowan.
You bite Dowan, but do no damage.
Dowan is heavily wounded.
Dowan points at you and mumbles some strange words.
The stone arrow misses you. Dowan barely misses you.
You barely miss Dowan.
Dowan is heavily wounded.
Dowan hits you with a +0 dagger of venom.
You are poisoned.
You slash Dowan! You bite Dowan, but do no damage.
Dowan is almost dead.
You feel very sick. Dowan casts a spell at you. The shard of ice hits you!
Dowan barely misses you.
You completely miss Dowan. You bite Dowan.
Dowan is almost dead.
You feel sick.
Dowan hits you with a +0 dagger of venom!
You are more poisoned.
You miss Dowan.
Dowan is almost dead.
You feel very sick.
Dowan hits you with a +0 dagger of venom.
Dowan barely misses you.
You miss Dowan.
Dowan is almost dead.
You feel very sick.
Dowan gestures wildly while chanting.
Dowan blinks!
You feel sick.
Dowan casts a spell.
Dowan blinks!
You feel sick.
Things that are here:
16 gold pieces; a +0 short sword; a +0 leather armour You feel sick.
Dowan points at you and mumbles some strange words.
The shard of ice hits you!
You die...
Your body crumbles into a pile of gold.

#.##.# #..#.# #
#....# # #.... ..
# ... .. #e# #.
#.# #. #$# ####..
#@# ###≈##.# #.#
##≈≈≈##.##### #.#
#≈≈###......)
#.####≈≈####...##.
#.##..≈≈.###..###.
#.#...≈≈..##..###.
#...≈.≈≈≈..#.....#
####..≈≈≈......#.#
.....≈≈.........#


You could see Dowan (fast, strong).

Vanquished Creatures
  Duvessa (D:4)
  A black bear (D:4)
  A water moccasin skeleton (D:4)
  A jelly (D:4)
  2 orc priests (D:3)
  3 adders
  2 worms (D:4)
  3 dart slugs
  5 orcs
  5 ball pythons
  8 bats
  3 endoplasms
  5 giant cockroaches
  10 goblins
  8 hobgoblins
  12 jackals
  2 quokkas (D:2)
  A frilled lizard (D:2)
  6 kobolds
  7 rats
86 creatures vanquished.

Vanquished Creatures (others)
  3 fungi (D:2)
  3 plants (D:2)
6 creatures vanquished.

Grand Total: 92 creatures vanquished

Notes
Turn   | Place    | Note
-------+----------+-------------------------------------------
     0 | D:1      | terff the Gnoll Monk began the quest for the Orb.
     0 | D:1      | Reached XP level 1. HP: 23/23 MP: 1/1
   135 | D:1      | Reached XP level 2. HP: 29/29 MP: 2/2
   476 | D:1      | Reached XP level 3. HP: 35/35 MP: 3/3
  1162 | D:1      | Found Fiegaw's General Store.
  1170 | D:1      | Bought a scroll of teleportation for 39 gold pieces
  1266 | D:2      | Reached skill level 1 in Invocations
  1367 | D:2      | Found an opulent altar of Gozag.
  1450 | D:2      | Became a worshipper of Gozag Ym Sagoz the Greedy
  1640 | D:2      | Reached skill level 1 in Short Blades
  1640 | D:2      | Reached skill level 1 in Axes
  1640 | D:2      | Reached skill level 1 in Maces & Flails
  1640 | D:2      | Reached skill level 1 in Polearms
  1640 | D:2      | Reached skill level 1 in Staves
  1640 | D:2      | Reached skill level 1 in Slings
  1640 | D:2      | Reached skill level 1 in Bows
  1640 | D:2      | Reached skill level 1 in Crossbows
  1640 | D:2      | Reached skill level 1 in Throwing
  1640 | D:2      | Reached skill level 1 in Armour
  1640 | D:2      | Reached skill level 1 in Shields
  1640 | D:2      | Reached skill level 1 in Unarmed Combat
  1640 | D:2      | Reached skill level 1 in Spellcasting
  1640 | D:2      | Reached skill level 1 in Evocations
  1746 | D:2      | Found a faded altar of an unknown god.
  1756 | D:2      | Reached XP level 4. HP: 32/41 MP: 5/5
  2153 | D:3      | Reached skill level 1 in Conjurations
  2153 | D:3      | Reached skill level 1 in Hexes
  2153 | D:3      | Reached skill level 1 in Summonings
  2153 | D:3      | Reached skill level 1 in Necromancy
  2153 | D:3      | Reached skill level 1 in Translocations
  2153 | D:3      | Reached skill level 1 in Transmutations
  2153 | D:3      | Reached skill level 1 in Fire Magic
  2153 | D:3      | Reached skill level 1 in Ice Magic
  2153 | D:3      | Reached skill level 1 in Air Magic
  2153 | D:3      | Reached skill level 1 in Earth Magic
  2153 | D:3      | Reached skill level 1 in Poison Magic
  2312 | D:3      | Reached XP level 5. HP: 27/47 MP: 5/7
  2954 | D:4      | Noticed a black bear
  3162 | D:4      | Found a shimmering blue altar of Sif Muna.
  3407 | D:4      | Reached XP level 6. HP: 51/53 MP: 8/8
  3423 | D:4      | Killed a black bear
  3595 | D:4      | Noticed Duvessa
  3596 | D:4      | Noticed Dowan
  3607 | D:4      | Killed Duvessa
  3608 | D:4      | Reached XP level 7. HP: 50/59 MP: 10/10
  3628 | D:4      | Killed from afar by Dowan

Illustrated notes

Levels and vault maps discovered:
D:1:      lemuel_arrival_hallway, layout_basic, serial_shops, shop
D:2:      layout_rooms, serial_corexii_hall, corexii_hall_statues_s,
          corexii_hall_statues_t, basic_altar,
          dreamdust_ecumenical_altar_hidden_monk_grotto
D:3:      layout_loops_ring
D:4:      layout_loops_ring, makhleb_altar_promises_db,
          nicolae_overflow_hidden_temple, serial_rivers,
          chequers_serial_rivers_large_a, chequers_serial_rivers_micro_b,
          chequers_serial_rivers_room_b, chequers_serial_rivers_small_3,
          chequers_serial_rivers_small_3, minmay_starry_boxes, uniq_duvessa

Skill      XL: |  1  2  3  4  5  6 |
---------------+-------------------+-----
Invocations    | 1 2 |  2.5
Short Blades   | 1 2 |  2.2
Axes           | 1 2 |  2.2
Maces & Flails | 1 2 |  2.2
Polearms       | 1 2 |  2.2
Staves         | 1 2 |  2.2
Slings         | 1 2 |  2.2
Bows           | 1 2 |  2.2
Crossbows      | 1 2 |  2.2
Throwing       | 1 2 |  2.2
Armour         | 1 2 |  2.2
Shields        | 1 2 |  2.2
Unarmed Combat | 1 2 |  2.2
Spellcasting   | 1 2 |  2.2
Evocations     | 1 2 |  2.2
Conjurations   | 1 |  1.8
Hexes          | 1 |  1.8
Summonings     | 1 |  1.8
Necromancy     | 1 |  1.8
Translocations | 1 |  1.8
Transmutations | 1 |  1.8
Fire Magic     | 1 |  1.8
Ice Magic      | 1 |  1.8
Air Magic      | 1 |  1.8
Earth Magic    | 1 |  1.8
Poison Magic   | 1 |  1.8
Fighting       | |  6.9
Long Blades    | |  6.9
Dodging        | |  6.9
Stealth        | |  4.7

Action                   |  1- 3 |  4- 6 |  7- 9 || total
-------------------------+-------+-------+-------++-------
Melee: Falchion          |   115 |    72 |       ||   187
       Bite              |     6 |    18 |     5 ||    29
       Long sword        |       |    34 |    17 ||    51
       Punch             |       |     3 |       ||     3
Evoke: Wand              |       |     1 |       ||     1
  Use: Scroll            |     6 |     1 |       ||     7
       Potion            |       |     2 |       ||     2
 Stab: Sleeping          |     7 |     2 |       ||     9
       Distracted        |       |     1 |       ||     1
Armor: Robe              |     7 |       |       ||     7
       Ring mail         |    17 |    27 |     3 ||    47
Dodge: Dodged            |    90 |    86 |     7 ||   183
